 Dungeon Crawl Stone Soup version 0.26-a0-466-g989023bd0d (webtiles) character file.

Game seed: 6414565640136817365

238 HoaS the Ruffian (level 6, -9/48 HPs)
             Began as a Ghoul Gladiator on Aug 11, 2020.
             Mangled by a centaur
             ... wielding a +0 falchion
              (12 damage)
             ... on level 2 of the Dungeon.
             The game lasted 00:03:06 (1550 turns).

HoaS the Ruffian (Ghoul Gladiator)                  Turns: 1550, Time: 00:03:07

Health: -9/48      AC:  4    Str: 19    XL:     6   Next: 7%
Magic:  5/5        EV: 12    Int:  3    God:
Gold:   80         SH:  0    Dex: 11    Spells: 5/5 levels left

rFire    . . .     SeeInvis .     - Unarmed
rCold    + . .     Faith    .   (no shield)
rNeg     + + +     Spirit   .   a - +0 leather armour
rPois    ∞         Reflect  .   b - +0 helmet
rElec    .         Harm     .   (no cloak)
rCorr    .                      (no gloves)
MR       .....                  (no boots)
Stlth    +.........             (no amulet)
HPRegen  0.00/turn              (no ring)
MPRegen  0.09/turn              (no ring)

@: no status effects
A: rotting body, claws 1, cold resistance 1, negative energy resistance 3,
inhibited regeneration, torment resistance, unbreathing
a: no special abilities


You were on level 2 of the Dungeon.
You visited 1 branch of the dungeon, and saw 2 of its levels.

You collected 80 gold pieces.

Inventory:

Missiles
 j - 6 javelins (quivered)
Armour
 a - a +0 leather armour (worn)
 b - a +0 helmet (worn)
Scrolls
 d - a scroll of identify {unknown}
 e - 2 scrolls of remove curse {unknown}
 f - a scroll of fog {unknown}
 g - a scroll of fear {unknown}
 h - a scroll of immolation {unknown}
Potions
 i - a potion of brilliance {unknown}


   Skills:
 - Level 2.1 Fighting
 - Level 1.7 Throwing
 - Level 2.6 Dodging
 + Level 7.2 Unarmed Combat


You had 5 spell levels left.
You didn't know any spells.
Your spell library was empty.

Dungeon Overview and Level Annotations

Branches:
Dungeon (2/15)

Altars:


Innate Abilities, Weirdness & Mutations

Your body is rotting away.
You thrive by killing the living.
You are immune to poison.
You have sharp fingernails.
Your flesh is cold resistant. (rC+)
You are immune to negative energy. (rN+++)
You do not regenerate when monsters are visible.
You are immune to unholy pain and torment.
You can survive without breathing.


Message History

The arrow hits you.
Things that are here:
2 arrows; a javelin You see here 11 arrows.
You start resting.
The centaur shoots an arrow.
The arrow hits you.
* * * LOW HITPOINT WARNING * * *
The centaur shoots an arrow.
The arrow hits you!
* * * LOW HITPOINT WARNING * * *
Things that are here:
3 arrows; a javelin The centaur unwields a +0 shortbow.
The centaur wields a +0 falchion.
The centaur hits you with a +0 falchion.
* * * LOW HITPOINT WARNING * * *
Things that are here:
3 throwing nets; a javelin You scratch the centaur.
The centaur is lightly wounded.
The centaur hits you with a +0 falchion!
You die...

.......#.####
#)###.# #..
####...#.# #(.##.#
#.. ####...#.#
######(##.## #.#
.......'.#
#..(.......# #..
.......###
...####.##..# #..
.†.....# #
###..###.##..# #..
....####
#.#(##..##..#..#
#.# ....#
##.##(#......#..#
#.# ..###
#...##@c.^......#
#.# #.#
###.....).##..#...#
#.# #.#
.........#.##.'.>..
..# #'##
.........##.#.#.#.
# ...#
..........###.# #
...#
..............# #
..(#
###+#######..## #
...#
#.#############
...#
#..............


You could see a centaur.

Vanquished Creatures
  Sigmund (D:2)
  2 adders (D:2)
  An ooze (D:1)
  An adder zombie (D:1)
  4 dart slugs
  A worm (D:2)
  3 giant cockroaches
  5 goblins
  4 hobgoblins
  3 jackals (D:2)
  A quokka (D:2)
  5 bats
  A frilled lizard (D:2)
  6 kobolds
  A leopard gecko zombie (D:1)
  10 rats
49 creatures vanquished.

Notes
Turn   | Place    | Note
-------+----------+-------------------------------------------
     0 | D:1      | HoaS the Ghoul Gladiator began the quest for the Orb.
     0 | D:1      | Reached XP level 1. HP: 17/17 MP: 0/0
   168 | D:1      | Reached XP level 2. HP: 19/24 MP: 1/1
   224 | D:1      | Reached skill level 4 in Unarmed Combat
   415 | D:1      | Reached XP level 3. HP: 19/29 MP: 2/2
  1251 | D:2      | Reached skill level 5 in Unarmed Combat
  1283 | D:2      | Reached XP level 4. HP: 35/36 MP: 3/3
  1521 | D:2      | Noticed Sigmund
  1537 | D:2      | Killed Sigmund
  1537 | D:2      | Reached skill level 7 in Unarmed Combat
  1537 | D:2      | Reached XP level 5. HP: 19/41 MP: 4/4
  1537 | D:2      | Reached XP level 6. HP: 23/48 MP: 5/5
  1550 | D:2      | Mangled by a centaur

Illustrated notes

Levels and vault maps discovered:
D:1:      saegor_arrival_fortress, layout_loops_ring, hangedman_decor_slide_cut
D:2:      layout_basic, minmay_bisected, uniq_sigmund

Skill      XL: |  1  2  3  4 |
---------------+-------------+-----
Unarmed Combat | 4 5 7 |  7.2
Fighting       | |  2.1
Throwing       | |  1.7
Dodging        | |  2.6

Action                   |  1- 3 |  4- 6 || total
-------------------------+-------+-------++-------
Melee: Unarmed           |    94 |    44 ||   138
       Punch             |     1 |     1 ||     2
Throw: Throwing net      |       |     3 ||     3
       Javelin           |       |     2 ||     2
Armor: Leather armour    |    30 |     8 ||    38
Dodge: Dodged            |    38 |    25 ||    63

Table legend: (Time is in decaauts)
 A = Elapsed time spent in this place.
 B = Non-inter-level travel time spent in this place.
 C = Inter-level travel time spent in this place.
 D = Time resting spent in this place.
 E = Time spent auto-exploring this place.
 F = Levels seen in this place.
 G = Mean time per level.
                   A        B        C        D        E       F      G
               +--------+--------+--------+--------+--------+-----+--------+
         Total |   1538 |   1498 |     40 |    355 |    876 |   2 |  769.0 |
       Dungeon |   1538 |   1498 |     40 |    355 |    876 |   2 |  769.0 |
               +--------+--------+--------+--------+--------+-----+--------+

Top non-repeatable levels by time:
     D:1: 999 daAuts
     D:2: 538 daAuts
